| TOP OF THE 1ST |
|
Bowie Baysox batting - Pitching for Midland RockHounds : LHP Adam Wood
|
|
Pitching: LHP Adam Wood
|
|
|
Batting: RHB Joe Young
|
0-0: Ball 1-0: SINGLE (Line Drive, 89S, EV 103.1 MPH)
|
|
Batting: RHB Daniel Jackson
|
0-0: Grounds into double play, 4-6-3 (Groundball, 4, EV 82.5 MPH)
|
|
Batting: RHB Luke Vaccarino
|
0-0: Ball 1-0: Foul Ball, location: 2F 1-1: Called Strike 1-2: Ground out 6-3 (Groundball, 6M, EV 105.6 MPH)
|
| Top of the 1st over - 0 runs, 1 hit, 0 errors, 0 left on base; Bowie 0 - Midland 0 |
| BOTTOM OF THE 1ST |
|
Midland RockHounds batting - Pitching for Bowie Baysox : RHP Jun-seok Pak
|
|
Pitching: RHP Jun-seok Pak
|
|
|
Batting: RHB Chris Bohm
|
0-0: Foul Ball, location: 2F 0-1: Foul Ball, location: 2F 0-2: SINGLE (Line Drive, 89M, EV 109.4 MPH)
|
|
Batting: RHB Chris Prinzing
|
0-0: Grounds into double play, 6-4-3 (Groundball, 6, EV 85.0 MPH)
|
|
Batting: RHB Sean Gould
|
0-0: Ball 1-0: Called Strike 1-1: Swinging Strike 1-2: Strikes out swinging
|
| Bottom of the 1st over - 0 runs, 1 hit, 0 errors, 0 left on base; Bowie 0 - Midland 0 |
| TOP OF THE 2ND |
|
Bowie Baysox batting - Pitching for Midland RockHounds : LHP Adam Wood
|
|
Batting: RHB Jonathan Mendoza
|
0-0: Fly out, F9 (Line Drive, 89M, EV 95.6 MPH)
|
|
Batting: RHB Wes Reynolds
|
0-0: Ball 1-0: SINGLE (Groundball, 6D, EV 96.9 MPH)
|
|
Batting: RHB Josh Hopp
|
0-0: Ball 1-0: Swinging Strike 1-1: Swinging Strike 1-2: Ball 2-2: Strikes out swinging
|
|
Batting: RHB Alfredo Reguera
|
0-0: Swinging Strike 0-1: Swinging Strike 0-2: Ball 1-2: Strikes out looking
|
| Top of the 2nd over - 0 runs, 1 hit, 0 errors, 1 left on base; Bowie 0 - Midland 0 |
| BOTTOM OF THE 2ND |
|
Midland RockHounds batting - Pitching for Bowie Baysox : RHP Jun-seok Pak
|
|
Batting: LHB Tom Raupp
|
0-0: Ball 1-0: SINGLE (Groundball, 56S, EV 63.8 MPH) (infield hit)
|
|
Batting: RHB Matt Sherard
|
0-0: Swinging Strike 0-1: Swinging Strike 0-2: Fielders Choice at 2nd, 6-4 (Groundball, 6, EV 88.1 MPH)
|
|
Batting: LHB Chance Stever
|
0-0: Called Strike Matt Sherard is caught stealing 2nd base 2-6 0-1: Fly out, F7 (Line Drive, 78M, EV 91.2 MPH)
|
| Bottom of the 2nd over - 0 runs, 1 hit, 0 errors, 0 left on base; Bowie 0 - Midland 0 |
| TOP OF THE 3RD |
|
Bowie Baysox batting - Pitching for Midland RockHounds : LHP Adam Wood
|
|
Batting: RHB Wil Ochoa
|
0-0: Called Strike 0-1: SINGLE (Groundball, 6MD, EV 96.2 MPH)
|
|
Batting: RHB Honório Szenes
|
0-0: Ball 1-0: Swinging Strike 1-1: Ball 2-1: Foul Ball, location: 2F 2-2: Ball 3-2: Fielders Choice at 2nd, 4-6 (Groundball, 4, EV 86.2 MPH)
|
|
Batting: RHB Joe Young
|
0-0: Called Strike 0-1: Fly out, F8 (Flyball, 8RXD, EV 109.4 MPH)
|
|
Batting: RHB Daniel Jackson
|
0-0: Called Strike 0-1: Reached on error, E6 (Groundball, 56, EV 88.1 MPH) Honório Szenes to second
|
|
Batting: RHB Luke Vaccarino
|
0-0: DOUBLE (Groundball, 3L, EV 101.2 MPH) Honório Szenes scores Daniel Jackson to third Runner from 3rd tries for Home, SAFE, throw by RF to trailing runner, SAFE at third!
|
|
Batting: RHB Jonathan Mendoza
|
0-0: Foul Ball, location: 2F 0-1: Ball 1-1: Ball 2-1: Called Strike 2-2: Strikes out swinging
|
| Top of the 3rd over - 2 runs, 2 hits, 1 error, 1 left on base; Bowie 2 - Midland 0 |
| BOTTOM OF THE 3RD |
|
Midland RockHounds batting - Pitching for Bowie Baysox : RHP Jun-seok Pak
|
|
Batting: LHB Jose Mojica
|
0-0: Called Strike 0-1: Ball 1-1: Ball 2-1: Called Strike 2-2: Strikes out swinging
|
|
Batting: RHB Gojko Golob
|
0-0: Swinging Strike 0-1: Ball 1-1: Ball 2-1: Ground out 6-3 (Groundball, 6, EV 81.9 MPH)
|
|
Batting: RHB Larry Clark
|
0-0: Swinging Strike 0-1: Swinging Strike 0-2: Ball 1-2: Fly out, F2 (Popup, 2LF, EV 86.2 MPH)
|
| Bottom of the 3rd over - 0 runs, 0 hits, 0 errors, 0 left on base; Bowie 2 - Midland 0 |
| TOP OF THE 4TH |
|
Bowie Baysox batting - Pitching for Midland RockHounds : LHP Adam Wood
|
|
Batting: RHB Wes Reynolds
|
0-0: Foul Ball, location: 2F 0-1: Ball 1-1: Swinging Strike 1-2: Ball 2-2: Ball 3-2: Base on Balls
|
|
Batting: RHB Josh Hopp
|
0-0: Ball 1-0: Ball 2-0: Fielders Choice at 2nd, 5-4 (Groundball, 5, EV 80.6 MPH)
|
|
Batting: RHB Alfredo Reguera
|
0-0: Called Strike 0-1: Foul Ball, location: 2F 0-2: Foul Ball, location: 2F 0-2: Ball Josh Hopp is caught stealing 2nd base 2-4 1-2: Fly out, F8 (Flyball, 8LXD, EV 100.6 MPH)
|
| Top of the 4th over - 0 runs, 0 hits, 0 errors, 0 left on base; Bowie 2 - Midland 0 |
| BOTTOM OF THE 4TH |
|
Midland RockHounds batting - Pitching for Bowie Baysox : RHP Jun-seok Pak
|
|
Batting: RHB Chris Bohm
|
0-0: Ball 1-0: Ball 2-0: SINGLE (Groundball, 15S, EV 63.1 MPH) (infield hit)
|
|
Batting: RHB Chris Prinzing
|
0-0: Ball 1-0: Called Strike 1-1: Swinging Strike 1-2: Ball 2-2: Foul Ball, location: 2F 2-2: Strikes out looking
|
|
Batting: RHB Sean Gould
|
0-0: SINGLE (Line Drive, 7LS, EV 93.1 MPH) Chris Bohm to second
|
|
Batting: LHB Tom Raupp
|
0-0: Ball 1-0: Swinging Strike 1-1: Ball 2-1: Ball 3-1: Called Strike 3-2: Foul Ball, location: 2F 3-2: Base on Balls Chris Bohm to third Sean Gould to second
|
|
Batting: RHB Matt Sherard
|
0-0: Swinging Strike 0-1: Ball 1-1: Ball 2-1: Fly out, F8 (Flyball, 89D, EV 77.5 MPH) Runner from 3rd tags up, OUT at HOME! 8-2
|
| Bottom of the 4th over - 0 runs, 2 hits, 0 errors, 2 left on base; Bowie 2 - Midland 0 |
| TOP OF THE 5TH |
|
Bowie Baysox batting - Pitching for Midland RockHounds : LHP Adam Wood
|
|
Batting: RHB Wil Ochoa
|
0-0: Called Strike 0-1: Ball 1-1: Ball 2-1: Called Strike 2-2: Foul Ball, location: 2F 2-2: Strikes out swinging, 2-3 out at first.
|
|
Batting: RHB Honório Szenes
|
0-0: Ground out 6-3 (Groundball, 6, EV 86.9 MPH)
|
|
Batting: RHB Joe Young
|
0-0: Called Strike 0-1: Ball 1-1: Swinging Strike 1-2: Foul Ball, location: 2F 1-2: Ball 2-2: Strikes out swinging
|
| Top of the 5th over - 0 runs, 0 hits, 0 errors, 0 left on base; Bowie 2 - Midland 0 |
| BOTTOM OF THE 5TH |
|
Midland RockHounds batting - Pitching for Bowie Baysox : RHP Jun-seok Pak
|
|
Batting: LHB Chance Stever
|
0-0: Ball 1-0: Ball 2-0: Called Strike 2-1: Ball 3-1: Fly out, F9 (Flyball, 9LSF, EV 77.5 MPH)
|
|
Batting: LHB Jose Mojica
|
0-0: Ball 1-0: TRIPLE (Flyball, 78XD, EV 103.8 MPH)
|
|
Batting: RHB Gojko Golob
|
0-0: Ball 1-0: Ground out 6-3 (Groundball, 6S, EV 70.0 MPH)
|
|
Batting: RHB Larry Clark
|
0-0: Ball 1-0: Called Strike 1-1: Foul Ball, location: 2F 1-2: Ball 2-2: Strikes out looking
|
| Bottom of the 5th over - 0 runs, 1 hit, 0 errors, 1 left on base; Bowie 2 - Midland 0 |
| TOP OF THE 6TH |
|
Bowie Baysox batting - Pitching for Midland RockHounds : LHP Adam Wood
|
|
Batting: RHB Daniel Jackson
|
0-0: Ball 1-0: Fly out, F8 (Line Drive, 8LD, EV 91.2 MPH)
|
|
Batting: RHB Luke Vaccarino
|
0-0: Foul Ball, location: 2F 0-1: Called Strike 0-2: Fly out, F7 (Flyball, 78XD, EV 99.4 MPH)
|
|
Batting: RHB Jonathan Mendoza
|
0-0: Foul Ball, location: 2F 0-1: Called Strike 0-2: Foul Ball, location: 2F 0-2: Strikes out swinging
|
| Top of the 6th over - 0 runs, 0 hits, 0 errors, 0 left on base; Bowie 2 - Midland 0 |
| BOTTOM OF THE 6TH |
|
Midland RockHounds batting - Pitching for Bowie Baysox : RHP Jun-seok Pak
|
|
Batting: RHB Chris Bohm
|
0-0: Ball 1-0: Ball 2-0: Called Strike 2-1: Foul Ball, location: 2F 2-2: Foul Ball, location: 2F 2-2: Ground out 6-3 (Groundball, 6, EV 83.8 MPH)
|
|
Batting: RHB Chris Prinzing
|
0-0: Called Strike 0-1: Ball 1-1: Called Strike 1-2: Strikes out swinging
|
|
Batting: RHB Sean Gould
|
0-0: Swinging Strike 0-1: Ground out 6-3 (Groundball, 6, EV 110.0 MPH)
|
| Bottom of the 6th over - 0 runs, 0 hits, 0 errors, 0 left on base; Bowie 2 - Midland 0 |
| TOP OF THE 7TH |
|
Bowie Baysox batting - Pitching for Midland RockHounds : LHP Adam Wood
|
|
Batting: RHB Wes Reynolds
|
0-0: Foul Ball, location: 2F 0-1: Ball 1-1: Foul Ball, location: 2F 1-2: Strikes out swinging
|
|
Batting: RHB Josh Hopp
|
0-0: Ball 1-0: Ball 2-0: Ball 3-0: Called Strike 3-1: Called Strike 3-2: Base on Balls
|
|
Batting: RHB Alfredo Reguera
|
0-0: Ball 1-0: Fielders Choice at 2nd, 6-4 (Groundball, 56, EV 88.8 MPH)
|
|
Batting: RHB Wil Ochoa
|
0-0: Called Strike 0-1: Ball 1-1: Swinging Strike 1-2: Strikes out swinging
|
| Top of the 7th over - 0 runs, 0 hits, 0 errors, 1 left on base; Bowie 2 - Midland 0 |
| BOTTOM OF THE 7TH |
|
Midland RockHounds batting - Pitching for Bowie Baysox : RHP Jun-seok Pak
|
|
Now at 3B: Chris Wright
|
|
|
Batting: LHB Tom Raupp
|
0-0: Foul Ball, location: 2F 0-1: Swinging Strike 0-2: Ball 1-2: Strikes out swinging
|
|
Batting: RHB Matt Sherard
|
0-0: Called Strike 0-1: Ball 1-1: Foul Ball, location: 2F 1-2: Ball 2-2: Ground out 6-3 (Groundball, 56, EV 76.9 MPH)
|
|
Batting: LHB Chance Stever
|
0-0: Foul Ball, location: 2F 0-1: Called Strike 0-2: Ball 1-2: Ball 2-2: Fly out, F5 (Line Drive, 56, EV 68.1 MPH)
|
| Bottom of the 7th over - 0 runs, 0 hits, 0 errors, 0 left on base; Bowie 2 - Midland 0 |
| TOP OF THE 8TH |
|
Bowie Baysox batting - Pitching for Midland RockHounds : LHP Adam Wood
|
|
Batting: RHB Honório Szenes
|
0-0: Ball 1-0: Ball 2-0: Foul Ball, location: 2F 2-1: Ball 3-1: DOUBLE (Line Drive, 89M, EV 92.5 MPH)
|
|
Batting: RHB Joe Young
|
0-0: Ball 1-0: Ball 2-0: Swinging Strike 2-1: Ball 3-1: Bunt missed! 3-2: Strikes out swinging
|
|
Batting: RHB Daniel Jackson
|
0-0: Ball 1-0: Foul Ball, location: 2F 1-1: Foul Ball, location: 2F 1-2: Strikes out looking
|
|
Pitching: LHP Alex Villagran
|
|
|
Batting: RHB Luke Vaccarino
|
0-0: Ball 1-0: Ball 2-0: Ball 3-0: Base on Balls
|
|
Batting: RHB Jonathan Mendoza
|
0-0: Ball 1-0: Called Strike 1-1: Ball 2-1: SINGLE (Line Drive, 8LS, EV 90.6 MPH) Honório Szenes to third Luke Vaccarino to second Runner from 3rd tries for Home, throw by CF and OUT! 8-2
|
| Top of the 8th over - 0 runs, 2 hits, 0 errors, 2 left on base; Bowie 2 - Midland 0 |
| BOTTOM OF THE 8TH |
|
Midland RockHounds batting - Pitching for Bowie Baysox : RHP Jun-seok Pak
|
|
Now at 3B: Minoru Matsumoto
|
|
|
Now at SS: Chris Wright
|
|
|
Batting: LHB Jose Mojica
|
0-0: Called Strike 0-1: Ball 1-1: Ball 2-1: Ground out 4-3 (Groundball, 34, EV 105.6 MPH)
|
|
Pitching: RHP Harley Hyde
|
|
|
Batting: RHB Gojko Golob
|
0-0: Called Strike 0-1: Ball 1-1: Ground out 5-3 (Groundball, 5S, EV 83.8 MPH)
|
|
Pinch Hitting: LHB Nick Pacheco
|
0-0: Ball 1-0: Called Strike 1-1: Ground out 5-3 (Groundball, 56, EV 92.5 MPH)
|
| Bottom of the 8th over - 0 runs, 0 hits, 0 errors, 0 left on base; Bowie 2 - Midland 0 |
| TOP OF THE 9TH |
|
Bowie Baysox batting - Pitching for Midland RockHounds : LHP Alex Villagran
|
|
Now at 2B: Jose Mojica
|
|
|
Now at 3B: Robert Wilkins
|
|
|
Batting: SHB Chris Wright
|
0-0: Called Strike 0-1: Foul Ball, location: 2F 0-2: Foul Ball, location: 2F 0-2: Ball 1-2: Ball 2-2: Ball 3-2: Foul Ball, location: 2F 3-2: Foul Ball, location: 2F 3-2: Foul Ball, location: 2F 3-2: Foul Ball, location: 2F 3-2: Base on Balls
|
|
Batting: RHB Josh Hopp
|
0-0: Sac Bunt to 2R - play at first, batter OUT! 2-3 Chris Wright to second
|
|
Batting: RHB Alfredo Reguera
|
0-0: Ball 1-0: Ball 2-0: Ball 3-0: Called Strike 3-1: Called Strike 3-2: Ground out 5-3 (Groundball, 56, EV 83.8 MPH)
|
|
Batting: RHB Wil Ochoa
|
0-0: Fly out, F5 (Popup, 5S, EV 73.8 MPH)
|
| Top of the 9th over - 0 runs, 0 hits, 0 errors, 1 left on base; Bowie 2 - Midland 0 |
| BOTTOM OF THE 9TH |
|
Midland RockHounds batting - Pitching for Bowie Baysox : RHP Harley Hyde
|
|
Pitching: RHP Manny Rolfe
|
|
|
Batting: RHB Chris Bohm
|
0-0: Ball 1-0: Called Strike 1-1: Ball 2-1: Fly out, F8 (Flyball, 8RM, EV 80.6 MPH)
|
|
Pinch Hitting: LHB Jeremy Brammer
|
0-0: Ball 1-0: Swinging Strike 1-1: Called Strike 1-2: Ball 2-2: Strikes out swinging
|
|
Batting: RHB Sean Gould
|
0-0: Called Strike 0-1: Ground out 4-3 (Groundball, 34, EV 103.1 MPH)
|
| Bottom of the 9th over - 0 runs, 0 hits, 0 errors, 0 left on base; Bowie 2 - Midland 0 |
|